[Event "Late-Titled-Tuesday-Blitz-September-26-2023"]
[Site "Chess.com"]
[Date "2023.09.26"]
[Round "3"]
[White "mishanick"]
[Black "Mops_2004"]
[Result "1-0"]
[WhiteElo "3093"]
[BlackElo "2786"]
[TimeControl "180+1"]
[EndTime "14:27:33 PDT"]
[Termination "mishanick won by resignation"]

1. d4 g6 2. e4 Bg7 3. Nc3 d6 4. f4 Nf6 5. Nf3 c5 6. dxc5 Qa5 7. Qd3 Qxc5 8. Be3 Qa5 9. Qb5+ Qxb5 10. Bxb5+ Nc6 11.
O-O-O O-O 12. Rhe1 Bg4 13. Be2 Nd7 14. h3 Bxf3 15. Bxf3 Bxc3 16. bxc3 Nb6 17. Rd3 Rac8 18. h4 Rc7 19. h5 Rfc8 20. Bg4 e6 21. hxg6 hxg6 22.
Bxb6 axb6 23. Rxd6 Kf8 24. e5 Ne7 25. Bf3 Rxc3 26. Bxb7 Rxc2+ 27. Kb1 R8c7 28. Rxb6 Nf5 29. Rb4 Rf2 30. a4 Rcc2 31. Rf1 Rfd2 32. Rd1 Rf2 33. a5 Ne3 34. Re1 Nc4 35. Ra4 Nb2 36. Ra2 1-0

[Event "Late-Titled-Tuesday-Blitz-September-26-2023"]
[Site "Chess.com"]
[Date "2023.09.26"]
[Round "3"]
[White "Firouzja2003"]
[Black "wild3000"]
[Result "1-0"]
[WhiteElo "3084"]
[BlackElo "2335"]
[TimeControl "180+1"]
[EndTime "14:27:34 PDT"]
[Termination "Firouzja2003 won on time"]

1. e4 a6 2. d4 e6 3. Nf3 d6 4. Bd3 Nf6 5. O-O Be7 6. Re1 b5 7. a4 b4 8. Nbd2 Bb7 9. Nf1 Nbd7 10. Ng3 c5 11. e5 Nd5 12. exd6 Bxd6 13. Nf5 Bf8 14.
Ng5 N7f6 15. Qe2 Qd7 16. dxc5 h6 17. Nf3 Bxc5 18. Ne5 Qc7 19. Nxg7+ Kf8 20. Nxf7 Kxg7 21. Nxh8 Rxh8 22. Qxe6 Re8 23. Bxh6+ Kxh6 24. Qh3+ Kg7 25. Rxe8 Nxe8 26. Qh7+ Kf8 27. Qh8+ Kf7 28. Re1 Bc6 29. Qh5+ Kf8 30. Rxe8+ Bxe8 31. Qxd5 Qd6 32. Qf5+ Bf7 33.
h4 a5 34. Bc4 Qe7 35. Bxf7 Kg7 36. Qg6+ 1-0

[Event "Late-Titled-Tuesday-Blitz-September-26-2023"]
[Site "Chess.com"]
[Date "2023.09.26"]
[Round "3"]
[White "kai_nov"]
[Black "Chessdemon2019"]
[Result "0-1"]
[WhiteElo "2232"]
[BlackElo "2393"]
[TimeControl "180+1"]
[EndTime "14:27:34 PDT"]
[Termination "Chessdemon2019 won on time"]

1. d4 e6 2. c4 Nf6 3. Nc3 Bb4 4. f3 O-O 5. e4 d6 6. Bg5 Nbd7 7. a3 Bxc3+ 8. bxc3 c5 9. Bd3 Qa5 10. Bd2 Qc7 11.
Ne2 b6 12. O-O Ba6 13. Rc1 d5 14. e5 dxc4 15. Bc2 Nd5 16. f4 cxd4 17. Nxd4 Rfd8 18. f5 Nxe5 19. fxe6 Nf6 20. Bg5 Qe7 21. Bxf6 gxf6 22. Be4 Bb7 23. Bxb7 Qxb7 24. Rxf6 fxe6 25. Qh5 Ng6 26. Rcf1 Rxd4 27. cxd4 Qg7 28. Rxe6 Qxd4+ 29. Kh1 Rf8 30. Rxf8+ Kxf8 31. Qf5+ Kg7 32. h3 c3 33. Rc6 Qd1+ 34. Kh2 Qd2 35. Rc7+ Kh6 36. Rc6 Qd4 0-1

[Event "Late-Titled-Tuesday-Blitz-September-26-2023"]
[Site "Chess.com"]
[Date "2023.09.26"]
[Round "3"]
[White "fks_stal_mielec"]
[Black "brunoo2003"]
[Result "0-1"]
[WhiteElo "2300"]
[BlackElo "2473"]
[TimeControl "180+1"]
[EndTime "14:27:35 PDT"]
[Termination "brunoo2003 won on time"]

1. c4 Nf6 2. Nf3 e6 3. g3 d5 4. Bg2 dxc4 5. Qa4+ Nbd7 6. O-O a6 7. Qxc4 b5 8. Qc2 Bb7 9. d4 c5 10. dxc5 Bxc5 11. Nc3 Rc8 12. a3 O-O 13. Bf4 Qb6 14.
Rad1 h6 15. b4 Be7 16. Qb2 Nd5 17. Nxd5 Bxd5 18. e4 Bf6 19. Qb1 Bc6 20. Bd6 Rfe8 21. e5 Be7 22. Bxe7 Rxe7 23. Rd6 Qb7 24. Qd3 Nxe5 25. Nxe5 Bxg2 26. Rd1 Bd5 27. Qd4 Rec7 28. Nd3 Rc4 29. Qe3 Bh1 30. Ne1 Bd5 31. Nd3 R8c6 32.
Rd8+ Kh7 33. Nc5 Qe7 34. Rd7 Qf6 35. Qd3+ Qg6 36. Qxg6+ Kxg6 37. f4 Rc3 0-1

[Event "Late-Titled-Tuesday-Blitz-September-26-2023"]
[Site "Chess.com"]
[Date "2023.09.26"]
[Round "3"]
[White "GMJustin"]
[Black "Smiechu"]
[Result "0-1"]
[WhiteElo "2227"]
[BlackElo "2529"]
[TimeControl "180+1"]
[EndTime "14:27:37 PDT"]
[Termination "Smiechu won on time"]

1. d4 Nf6 2. c4 c5 3. d5 e6 4. Nc3 exd5 5. cxd5 d6 6. Nf3 g6 7. Nd2 Nbd7 8. Nc4 Nb6 9. Nxb6 Qxb6 10. e4 Bg7 11. Bb5+ Bd7 12. Bxd7+ Nxd7 13. O-O O-O 14. a4 Rae8 15. a5 Qd8 16. Nb5 Rxe4 17. Nxd6 Rd4 18. Qc2 Rxd5 19. Nxb7 Qc7 20. a6 Rh5 21. h3 Qb6 22. Rd1 Nb8 23. Rd6 Qb4 24. Be3 Qxb2 25. Qxb2 Bxb2 26. Ra2 Be5 27. Rd1 c4 28. Bxa7 Nc6 29.
Bc5 Ra8 30. a7 c3 31. Ra6 Bf4 32. Rxc6 c2 33. Rf1 c1=Q 34. Rxc1 Bxc1 35. Nd6 Ba3 36. Bxa3 Rxa7 37. Rc8+ Kg7 38. Bb2+ Kh6 39. Ne4 Rf5 0-1

[Event "Late-Titled-Tuesday-Blitz-September-26-2023"]
[Site "Chess.com"]
[Date "2023.09.26"]
[Round "3"]
[White "vladislavkovalev"]
[Black "karinachess1"]
[Result "1-0"]
[WhiteElo "2880"]
[BlackElo "2624"]
[TimeControl "180+1"]
[EndTime "14:27:38 PDT"]
[Termination "vladislavkovalev won by resignation"]

1. e4 e5 2. Nf3 Nc6 3. Bb5 Nf6 4. O-O Nxe4 5. Re1 Nd6 6. Nxe5 Nxe5 7. Rxe5+ Be7 8.
Bf1 O-O 9. d4 Ne8 10. Nc3 Bf6 11. Re1 d5 12. Bd3 c6 13. Ne2 Nd6 14. Ng3 g6 15.
Bh6 Re8 16. Rxe8+ Nxe8 17. c3 Bd7 18. Qf3 Bg5 19. Bxg5 Qxg5 20. Re1 Bg4 21. Qe3 Qxe3 22. Rxe3 Kf8 23. f3 Bd7 24. Ne2 Nd6 25. g4 Re8 26. Kf2 h6 27. h4 g5 28. Rxe8+ Kxe8 29. hxg5 hxg5 30. Ng3 Ke7 31. Ke3 Nc8 32. b3 Nd6 33. f4 f6 34. f5 Be8 35. Nf1 Bf7 36. Kd2 b6 37. Ne3 Kd7 38. c4 dxc4 39. bxc4 c5 40.
Kc3 Nb7 41. Be4 cxd4+ 42. Kxd4 Nc5 43. Bd5 Be8 44. Bg8 Kd6 45. Nd5 Nd7 46. Be6 Ne5 47. Nxf6 Ba4 48. Ne4+ Ke7 49. Kxe5 1-0

[Event "Late-Titled-Tuesday-Blitz-September-26-2023"]
[Site "Chess.com"]
[Date "2023.09.26"]
[Round "3"]
[White "vugarrasulov"]
[Black "scandalgod"]
[Result "1-0"]
[WhiteElo "2944"]
[BlackElo "2498"]
[TimeControl "180+1"]
[EndTime "14:27:38 PDT"]
[Termination "vugarrasulov won by resignation"]

1. e4 e5 2. f4 Bc5 3. Nf3 d6 4. d4 exd4 5. Bd3 Nc6 6. O-O Nf6 7. h3 O-O 8. Kh2 Re8 9. Nbd2 Nb4 10. a3 Nxd3 11.
cxd3 Bb6 12. Qe1 c5 13. Qh4 Bc7 14. Kg1 Bd7 15. b4 Kh8 16. Ng5 Qe7 17. Ndf3 h6 18. e5 Nh7 19. g4 Rf8 20. Bd2 dxe5 21. Rae1 Nxg5 22. fxg5 Bc6 23. gxh6 Qxh4 24. hxg7+ Kxg7 25. Nxh4 f6 26. Nf5+ Kg6 27. bxc5 Rf7 28. Kf2 Rh8 29.
h4 Rd7 30. h5+ Kf7 31. Rg1 Ke6 32. h6 Rdh7 33. Nxd4+ Kd5 34. Nxc6 bxc6 35. Be3 Rg8 36. Kf3 Rg6 37. Rh1 Rh8 38. Rh5 Rhg8 39. h7 Rh8 40. Reh1 Rg7 41. Rh6 Bd8 42. Bf2 Be7 43. Bh4 Rf7 44. Bf2 Bxc5 45. Bxc5 Kxc5 46. Ke4 Kd6 47. Kf5 Kd5 48. R1h5 Kd6 49. Rxf6+ Rxf6+ 50. Kxf6 1-0

[Event "Late-Titled-Tuesday-Blitz-September-26-2023"]
[Site "Chess.com"]
[Date "2023.09.26"]
[Round "3"]
[White "elpatodice"]
[Black "djano"]
[Result "0-1"]
[WhiteElo "2464"]
[BlackElo "2666"]
[TimeControl "180+1"]
[EndTime "14:27:38 PDT"]
[Termination "djano won by resignation"]

1. e4 c5 2. Nf3 Nc6 3. d4 cxd4 4. Nxd4 g6 5. Nc3 Bg7 6. Be3 Nf6 7. Bc4 O-O 8. Bb3 Re8 9. O-O d6 10. f3 Na5 11. Qd2 b6 12. Nd5 Ba6 13. Rfe1 e6 14.
Nxf6+ Bxf6 15. c3 Rc8 16. Ne2 Bc4 17. Nc1 d5 18. exd5 exd5 19. Bf2 Qc7 20. Rd1 Be5 21. g3 h5 22. f4 Bd6 23. Bd4 Kh7 24. Bc2 f5 25. Nd3 Bxd3 26. Bxd3 Nc4 27. Qf2 b5 28.
Re1 a6 29. Rxe8 Rxe8 30. Re1 Qd7 31. Rxe8 Qxe8 32. Bxc4 bxc4 33. Qe3 Qe4 34. Qxe4 fxe4 35. b3 cxb3 36. axb3 Kg8 37. Kf2 Kf7 38. Ke3 Ke6 39. c4 dxc4 40. bxc4 Kf5 41. h3 a5 42. c5 Bc7 43. Bb2 a4 44. Ba3 Ba5 45. Kd4 h4 46. gxh4 Kxf4 47. c6 Kf3 48. Bd6 e3 49. c7 Bxc7 50.
Bxc7 a3 51. Kd3 e2 52. Kd2 Kf2 53. Bb6+ Kf1 0-1

[Event "Late-Titled-Tuesday-Blitz-September-26-2023"]
[Site "Chess.com"]
[Date "2023.09.26"]
[Round "3"]
[White "Jarming"]
[Black "Rainbow2014"]
[Result "1-0"]
[WhiteElo "2654"]
[BlackElo "2459"]
[TimeControl "180+1"]
[EndTime "14:27:38 PDT"]
[Termination "Jarming won on time"]

1. e4 e5 2. Nf3 Nf6 3. Nc3 Nc6 4.
Bc4 Bc5 5. d3 d6 6. h3 h6 7. Be3 Bxe3 8. fxe3 Ne7 9. Qe2 c6 10.
Bb3 O-O 11. O-O Ng6 12. Rf2 Be6 13. Raf1 Bxb3 14. axb3 Nh7 15. Nh2 Qe7 16. Ng4 Rad8 17. Rf5 Ng5 18. Qf2 Nh4 19. Rf6 Ng6 20. Rf5 f6 21.
Qg3 Qe8 22. h4 Ne6 23. Nxf6+ Rxf6 24. Rxf6 gxf6 25. Rxf6 Kh7 26. Qf3 Rd7 27. Qf5 Ng7 28.
Qg4 h5 29. Qg5 d5 30. exd5 cxd5 31. e4 dxe4 32. Nxe4 Ne6 33. Qxh5+ Kg7 34. Qg4 Nf4 35. h5 Rf7 36. Rxf7+ Qxf7 37. hxg6 Qxg6 38. Qxg6+ Kxg6 39. Kf2 Ne6 40. c3 b6 41. b4 Nc7 42. g3 Nd5 43. Nd6 a5 44. bxa5 bxa5 45. Nc4 a4 46. Nxe5+ Kf5 47.
Nc4 Ne7 48. Kf3 Nc6 49. Ne3+ Kf6 50. Ke4 Ke6 51. d4 1-0

[Event "Late-Titled-Tuesday-Blitz-September-26-2023"]
[Site "Chess.com"]
[Date "2023.09.26"]
[Round "3"]
[White "DefiantChair"]
[Black "Nekoo04"]
[Result "1-0"]
[WhiteElo "2554"]
[BlackElo "2318"]
[TimeControl "180+1"]
[EndTime "14:27:38 PDT"]
[Termination "DefiantChair won on time"]

1. e4 c5 2. Nf3 d6 3. d4 cxd4 4. Nxd4 Nf6 5. Nc3 g6 6. f3 Bg7 7. Be3 Nc6 8. Bc4 O-O 9. Qd2 Bd7 10. h4 h5 11. O-O-O Rb8 12. Kb1 Na5 13. Be2 b5 14. Ndxb5 Bxb5 15. Nxb5 Qd7 16. Nd4 Qa4 17. Nb3 Nxb3 18. axb3 Qd7 19. Bh6 a5 20. Bxg7 Kxg7 21. e5 Ne8 22. Qxa5 Qe6 23. exd6 Qxe2 24. d7 Nd6 25.
Rhe1 Qxg2 26. Qe5+ Kh7 27. Qxe7 Nf5 28. Qf6 Rbd8 29. Rd3 Qg3 30. Rh1 Qc7 31. Rhd1 Qf4 32. Qg5 Qxh4 33. Qxh4 Nxh4 34. c4 Nf5 35. c5 Ne7 36. b4 Rb8 37. d8=Q Rfxd8 38. Rxd8 Rxb4 39. R8d7 Nf5 40. Rxf7+ Kh6 41. Rc1 h4 42. c6 Nd6 43.
c7 1-0

[Event "Late-Titled-Tuesday-Blitz-September-26-2023"]
[Site "Chess.com"]
[Date "2023.09.26"]
[Round "3"]
[White "laskakid"]
[Black "stolencandy13"]
[Result "0-1"]
[WhiteElo "2322"]
[BlackElo "2559"]
[TimeControl "180+1"]
[EndTime "14:27:39 PDT"]
[Termination "stolencandy13 won on time"]

1. d4 Nf6 2. c4 c5 3. d5 e6 4.
Nc3 exd5 5. cxd5 d6 6. e4 g6 7. h3 Bg7 8. Nf3 a6 9. a4 Nbd7 10. Bd3 Nh5 11. O-O Ne5 12. Be2 Nxf3+ 13. Bxf3 Qh4 14. Qd2 h6 15. b3 g5 16. Bxh5 Qxh5 17. Bb2 g4 18. hxg4 Qxg4 19. Nd1 Rg8 20. Bxg7 Qxg7 21. Ne3 Bh3 22. g3 Bxf1 23. Rxf1 O-O-O 24. Nf5 Qe5 25. Re1 h5 26. Qe2 Rg4 27. Qd2 h4 28. Nxh4 Rxe4 29. Rxe4 Qxe4 30. Qg5 Re8 31. Nf5 Kc7 32.
Qf6 Qe5 33. Qxf7+ Kb8 34. Nxd6 Re7 35. Qf8+ Kc7 36. Qc8+ Kxd6 37. Qd8+ Rd7 38. Qb6+ Kxd5 39. b4 cxb4 40. Qxb4 Qd4 0-1

[Event "Late-Titled-Tuesday-Blitz-September-26-2023"]
[Site "Chess.com"]
[Date "2023.09.26"]
[Round "3"]
[White "Botvinnak"]
[Black "kacprekt"]
[Result "0-1"]
[WhiteElo "2304"]
[BlackElo "2492"]
[TimeControl "180+1"]
[EndTime "14:27:39 PDT"]
[Termination "kacprekt won by checkmate"]

1. Nf3 g6 2. e3 Bg7 3. d4 c5 4. c4 cxd4 5. exd4 d5 6. cxd5 Nf6 7. Nc3 O-O 8. Be2 Nbd7 9. O-O Nb6 10. Bg5 Nbxd5 11.
Re1 Bg4 12. Rc1 Rc8 13. Qb3 Nb6 14. Rcd1 Nfd5 15. Ne5 Bxe2 16. Nxe2 f6 17. Bh4 fxe5 18. dxe5 Kh8 19. Nc3 Rc5 20. Ne4 Ra5 21. Ng5 Qd7 22. e6 Qa4 23. Nf7+ Kg8 24. Qf3 Qxh4 25. a3 Nf6 26. Qxb7 Rh5 27. h3 Rf5 28. Re2 Nh5 29. Rf1 Nf4 30. Re3 Bd4 31. Rf3 Ne2+ 32. Kh1 Rxf3 33.
Qxf3 Nf4 34. b4 Nxe6 35. Qg4 Qxg4 36. Nh6+ Kg7 37. Nxg4 h5 38. Nh2 Rxf2 39. Re1 Kf7 40. Nf3 Rxf3 41. gxf3 Nd5 42. Rc1 Bb2 43. Rc8 Bxa3 44. b5 Bc5 45. h4 Bb6 46. Rh8 Ndc7 47. Rh7+ Ng7 48. Rh8 Nxb5 49. Kg2 Nc7 50. f4 Nce8 51.
Kf3 Bd4 52. Ke4 Bf6 53. Kd5 Nf5 54. Rh7+ Bg7 55. Kc6 Nf6 56. Kc7 Nxh7 57. Kd8 Nf6 58. Kc8 a5 59. Kd8 a4 60. Kc8 a3 61. Kc7 a2 62.
Kc6 a1=Q 63. Kc5 Qc1+ 64. Kb4 Nd5+ 65. Kb5 Nd6+ 66. Ka4 Qc4+ 67. Ka3 Nb5# 0-1

[Event "Late-Titled-Tuesday-Blitz-September-26-2023"]
[Site "Chess.com"]
[Date "2023.09.26"]
[Round "3"]
[White "RebecaJimnz"]
[Black "traack"]
[Result "1-0"]
[WhiteElo "2190"]
[BlackElo "2395"]
[TimeControl "180+1"]
[EndTime "14:27:39 PDT"]
[Termination "RebecaJimnz won by checkmate"]

1. e4 c5 2. Nc3 e6 3. g3 d5 4. exd5 exd5 5. d4 Nf6 6. Bg2 cxd4 7. Qxd4 Nc6 8. Qd1 d4 9. Nce2 Bb4+ 10. Bd2 Bc5 11.
Nf3 O-O 12. O-O d3 13. cxd3 Qxd3 14. Nf4 Qb5 15. Bc3 Ne4 16. Qc2 Bf5 17. Nh4 Nxc3 18. Nxf5 Na4 19. b3 Nb6 20. Qc3 f6 21. Nh5 Bb4 22. Qc2 g6 23. Nh6+ Kh8 24. Nf4 Qg5 25.
Bxc6 bxc6 26. Ne6 Qxh6 27. Nxf8 Rxf8 28. Qxc6 Qg7 29. Rad1 Rc8 30. Qe4 Bc5 31. Rfe1 f5 32. Qe6 Qb2 33. Re2 Qc3 34. Rde1 f4 35. Qf7 Bxf2+ 36.
Kxf2 fxg3+ 37. hxg3 Qc5+ 38. Kg2 Rf8 39. Re8 Qc6+ 40.
Kh2 Qc2+ 41. Kh3 Rxe8 42. Rxe8# 1-0

[Event "Late-Titled-Tuesday-Blitz-September-26-2023"]
[Site "Chess.com"]
[Date "2023.09.26"]
[Round "3"]
[White "jaskol95"]
[Black "topin8"]
[Result "1-0"]
[WhiteElo "2628"]
[BlackElo "2433"]
[TimeControl "180+1"]
[EndTime "14:27:40 PDT"]
[Termination "jaskol95 won on time"]

1. d4 Nf6 2. Nc3 c5 3. d5 d6 4. e4 g6 5. f4 Bg7 6. Nf3 O-O 7. h3 e6 8. Be2 exd5 9. exd5 Nh5 10. O-O Ng3 11. Re1 Nxe2+ 12. Qxe2 Nd7 13. f5 Ne5 14. Nxe5 Bxe5 15. fxg6 fxg6 16. Bh6 Re8 17. Kh1 Qh4 18. Qe3 Bf5 19. Qg5 Qxg5 20. Bxg5 Bg3 21. Rf1 a6 22. Bf4 Bxf4 23. Rxf4 Re5 24. Raf1 Rae8 25. R1f2 Re1+ 26. Kh2 R1e7 27. g4 Bd7 28. Kg3 b5 29. a3 a5 30.
b4 axb4 31. axb4 Re3+ 32. R2f3 Rxf3+ 33. Kxf3 Kg7 34. Ne4 cxb4 35. Nxd6 Re7 36. Rxb4 Re5 37. Rd4 Re1 38. Ne4 Rf1+ 39. Kg2 Rc1 40. Rd2 Kf7 41. Re2 Kg7 42. Nc5 Bc8 43. d6 b4 44.
d7 Bxd7 45. Nxd7 Rb1 46. Nc5 Rb2 47. Nd3 1-0

[Event "Late-Titled-Tuesday-Blitz-September-26-2023"]
[Site "Chess.com"]
[Date "2023.09.26"]
[Round "3"]
[White "Chessdreamer2020"]
[Black "cristiano78"]
[Result "1-0"]
[WhiteElo "2539"]
[BlackElo "2256"]
[TimeControl "180+1"]
[EndTime "14:27:41 PDT"]
[Termination "Chessdreamer2020 won on time"]

1. e4 c5 2. Nf3 d6 3. Bb5+ Bd7 4. c4 g6 5. Nc3 Bg7 6. d4 cxd4 7. Nxd4 Nc6 8. Be3 Nf6 9. O-O O-O 10. f3 a6 11. Ba4 Rc8 12. Nde2 Ne5 13. Bxd7 Qxd7 14. b3 b5 15. cxb5 axb5 16. Rc1 b4 17. Na4 Qb5 18. Nd4 Qa5 19. Qd2 Nfd7 20. f4 Ng4 21.
Nc6 Rxc6 22. Rxc6 Nxe3 23. Qxe3 Nc5 24. Nxc5 dxc5 25. Rxc5 Qxa2 26. Rfc1 Bc3 27. R5xc3 bxc3 28. Qxc3 Rb8 29. b4 Qa7+ 30. Qc5 Qb7 31. Rc4 Rd8 32. h3 Kg7 33. Kh2 Rd2 34. Qe5+ f6 35. Qe6 Qa7 36. Rc5 Rd6 37. Qc4 Qa1 38. Rc7 Rd1 39. Rxe7+ Kh6 40.
Qe2 1-0

[Event "Late-Titled-Tuesday-Blitz-September-26-2023"]
[Site "Chess.com"]
[Date "2023.09.26"]
[Round "3"]
[White "Bilan_Danila"]
[Black "bylavochka"]
[Result "1-0"]
[WhiteElo "2516"]
[BlackElo "2175"]
[TimeControl "180+1"]
[EndTime "14:27:41 PDT"]
[Termination "Bilan_Danila won on time"]

1. d4 Nf6 2. Nf3 g6 3. Bg5 Bg7 4. c3 O-O 5. Nbd2 c5 6. e3 d6 7. Bc4 Nbd7 8. a4 b6 9. Qe2 a6 10. e4 h6 11. Bh4 Nh5 12. O-O Bb7 13. Rad1 g5 14. Bg3 Nxg3 15. hxg3 Qc7 16. Rfe1 Rfc8 17.
Rc1 e6 18. d5 exd5 19. Bxd5 Nf6 20. Bxb7 Qxb7 21. Nc4 Qd7 22. Nxb6 Qc6 23. Nxa8 Rxa8 24. Qc4 Nd7 25. Rcd1 Nb6 26. Qd3 Nxa4 27. Re2 Rb8 28.
Rdd2 c4 29. Qe3 Nc5 30. Nd4 Qa4 31. Nf5 Nd3 32. Nxd6 Rd8 33. Nf5 Be5 34. Nxh6+ Kf8 35. Ng4 Qa1+ 36. Kh2 Nf4 37. Rxd8+ Ke7 38. Nxe5 1-0

[Event "Late-Titled-Tuesday-Blitz-September-26-2023"]
[Site "Chess.com"]
[Date "2023.09.26"]
[Round "3"]
[White "Gogolev_Artemy"]
[Black "AlexandraBotez"]
[Result "1-0"]
[WhiteElo "2398"]
[BlackElo "2234"]
[TimeControl "180+1"]
[EndTime "14:27:41 PDT"]
[Termination "Gogolev_Artemy won by checkmate"]

1. c4 e5 2. g3 d6 3. Bg2 Nc6 4. Nc3 Be6 5. Rb1 Qd7 6. d3 a5 7. a3 Rb8 8. b4 axb4 9. axb4 f5 10. b5 Nce7 11. Nf3 h6 12. O-O Nf6 13. Bb2 g5 14.
h4 Rg8 15. Qc2 f4 16. c5 Nh5 17. cxd6 cxd6 18. Ne4 gxh4 19. Nxh4 Rc8 20. Qa4 d5 21. Bf3 dxe4 22. Bxh5+ Bf7 23. Bxf7+ Kxf7 24. Qxe4 Qd5 25. Qxd5+ Nxd5 26. Bxe5 Be7 27. Nf5 Bg5 28. Nd6+ Ke6 29. Nxc8 Kxe5 30. d4+ Ke4 31. Nd6+ Kxd4 32. Rfd1+ Ke5 33. Nc4+ Ke6 34. g4 h5 35. gxh5 Bh4+ 36. Kf1 Kf5 37. Rxd5+ Kg4 38. Ne5+ Kh3 39. Nf3 Bxf2 40. Kxf2 Rg2+ 41. Kf1 b6 42. h6 Rg6 43. Rh5+ Kg4 44. Rh4+ Kf5 45. h7 Rh6 46. Rxh6 Kg4 47. h8=Q Kg3 48. Qg7# 1-0

[Event "Late-Titled-Tuesday-Blitz-September-26-2023"]
[Site "Chess.com"]
[Date "2023.09.26"]
[Round "3"]
[White "MMSANCHEZ"]
[Black "BlueWizzard"]
[Result "0-1"]
[WhiteElo "2661"]
[BlackElo "2889"]
[TimeControl "180+1"]
[EndTime "14:27:42 PDT"]
[Termination "BlueWizzard won by resignation"]

1. d4 Nf6 2. Nf3 b6 3. e3 Bb7 4. Bd3 c5 5. c4 e6 6. Nc3 g6 7.
d5 Bg7 8. e4 O-O 9. O-O d6 10.
h3 Ne8 11. a3 Nd7 12. b4 Bxc3 13. Rb1 Bg7 14. Be2 Ne5 15. Nd2 f5 16. f4 Nd7 17.
dxe6 Ndf6 18. exf5 gxf5 19. Bd3 Ne4 20. Bxe4 fxe4 21.
f5 Qh4 22. Rb3 Bd4+ 23. Kh2 Ng7 24. Qg4 Qxg4 25. hxg4 h5 26. Kh3 e3 27. Nb1 hxg4+ 28. Kxg4 Bxg2 29. Rg1 Be4 30. Bxe3 Bxf5+ 31. Kh4 Bxe6 32.
Bxd4 cxd4 33. Rbg3 Rf7 34. Nd2 Kh7 35. Rh1 Rf5 36.
Rg5 Raf8 37. Ne4 Kg8 38. Nxd6 Rf4+ 39. Kg3 Rf3+ 40. Kg2 Rf2+ 41. Kg3 R8f3+ 42. Kh4 d3 43. Ne8 Rf7 44. Rhg1 R2f4+ 45. Kg3 R4f5 46. Rg6 Kf8 47. Nd6 R7f6 48. Rg4 Rf3+ 0-1

[Event "Late-Titled-Tuesday-Blitz-September-26-2023"]
[Site "Chess.com"]
[Date "2023.09.26"]
[Round "3"]
[White "stregachess"]
[Black "victormago"]
[Result "0-1"]
[WhiteElo "2087"]
[BlackElo "2512"]
[TimeControl "180+1"]
[EndTime "14:27:42 PDT"]
[Termination "victormago won on time"]

1. d4 Nf6 2. Nf3 c5 3. c3 e6 4.
Bf4 d5 5. e3 Nc6 6. Nbd2 Bd6 7.
Bxd6 Qxd6 8. Bb5 O-O 9. O-O Bd7 10. Re1 a6 11. Bd3 e5 12. dxe5 Nxe5 13. Nxe5 Qxe5 14. Nf3 Qe7 15. h3 Rad8 16. Qc2 Rfe8 17. Rad1 h6 18. c4 dxc4 19. Bxc4 Bc6 20. Be2 Be4 21. Qc1 b5 22.
Rxd8 Rxd8 23. Rd1 Rxd1+ 24. Qxd1 g6 25. a3 Kg7 26. Qc1 Nd5 27. Nd2 Bf5 28. Bf3 Nf6 29.
Qc3 Kh7 30. Kf1 h5 31. Kg1 Qd6 32. Nf1 b4 33. axb4 cxb4 34. Qc1 a5 35. Nh2 a4 36. g4 hxg4 37. hxg4 Be4 38. Qd1 Qxd1+ 39.
Bxd1 a3 40. bxa3 bxa3 41. Bb3 Bb1 42. f4 a2 43. Bxa2 Bxa2 44. Kf2 Kg7 45. Kg3 Kf8 46.
g5 Ne4+ 47. Kf3 Bd5 48. Ke2 Ke7 49. Ng4 Ke6 50. Nh2 Ng3+ 51. Kf2 Nf5 52. Ke2 Be4 53. Ng4 Nd6 54. Nf6 Bc6 55. Ng4 Ne4 56. Nh6 Bb5+ 57. Kf3 Nd2+ 0-1

[Event "Late-Titled-Tuesday-Blitz-September-26-2023"]
[Site "Chess.com"]
[Date "2023.09.26"]
[Round "3"]
[White "NicholasTakano"]
[Black "ZuraTqebuchava"]
[Result "1-0"]
[WhiteElo "2404"]
[BlackElo "2239"]
[TimeControl "180+1"]
[EndTime "14:27:43 PDT"]
[Termination "NicholasTakano won on time"]

1. e4 e5 2. Nf3 Nc6 3. Bc4 Be7 4.
O-O d6 5. d3 h6 6. Nbd2 Nf6 7.
Re1 O-O 8. c3 Be6 9. Bb3 Bxb3 10. axb3 d5 11. Qe2 dxe4 12. dxe4 Bd6 13. Nf1 Ne7 14.
Nh4 Qd7 15. Ng3 Qg4 16. Nhf5 Qxe2 17. Rxe2 Nxf5 18. Nxf5 Rfd8 19. Be3 a6 20. f3 Bf8 21.
Kf2 Rd3 22. Rd2 Rxd2+ 23. Bxd2 Rd8 24. Ke2 Kh7 25. c4 g6 26. Ne3 Bc5 27. Bc3 Bd4 28.
Rd1 c5 29. Nd5 Nxd5 30. cxd5 Kg7 31. b4 b6 32. bxc5 bxc5 33. Ra1 Rd6 34. Kd3 f5 35.
Rf1 Kf6 36. Kc4 Rb6 37. Ra1 f4 38. Ra5 g5 39. Ra4 h5 40. b4 cxb4 41. Rxb4 Rxb4+ 42. Kxb4 Bf2 43. h3 Be3 44. Kc4 Bf2 45. Bb4 Bb6 46. Bc5 Bd8 47. Bd6 Bb6 48. Bb8 Bd8 49. Kc5 a5 50.
Kc6 a4 51. Bd6 1-0

[Event "Late-Titled-Tuesday-Blitz-September-26-2023"]
[Site "Chess.com"]
[Date "2023.09.26"]
[Round "3"]
[White "dretch"]
[Black "Likvidator228"]
[Result "1-0"]
[WhiteElo "2851"]
[BlackElo "2536"]
[TimeControl "180+1"]
[EndTime "14:27:46 PDT"]
[Termination "dretch won by resignation"]

1. d4 d5 2. c4 e6 3. Nc3 c6 4.
e3 Nf6 5. Bd3 dxc4 6. Bxc4 b5 7.
Bd3 Bb7 8. a4 b4 9. Ne4 Nbd7 10.
Nf3 c5 11. Nxf6+ gxf6 12. O-O Qb6 13. a5 Qc6 14. a6 Bc8 15. e4 Rg8 16. d5 Qd6 17.
Bb5 Rb8 18. Qe2 Ke7 19. Rd1 Ne5 20. dxe6 Qxe6 21. Nxe5 fxe5 22. Bc4 Qg4 23. f3 Qg6 24. Be3 Kf6 25. Rd8 Be7 26. Rxg8 Qxg8 27. Rd1 Be6 28. Bxe6 fxe6 29. f4 exf4 30. Bxf4 Rd8 31. Rf1 Qg6 32. Bc7+ Kg7 33. Bxd8 Bxd8 34. Qf3 Bf6 35. b3 Bd4+ 36.
Kh1 Bf6 37. h3 h5 38. e5 Bxe5 39. Qf8+ Kh7 40. Qf7+ Qxf7 41. Rxf7+ Kg6 42. Rxa7 Bd4 43. Rb7 c4 44. bxc4 e5 45. Rxb4 e4 46. Ra4 e3 47.
Ra2 Ba7 48. g3 Kf5 49. Kg2 Ke4 50. c5 Kd3 51. c6 e2 52. Rxe2 Kxe2 53. c7 1-0

[Event "Late-Titled-Tuesday-Blitz-September-26-2023"]
[Site "Chess.com"]
[Date "2023.09.26"]
[Round "3"]
[White "Eduard_Limonov"]
[Black "The_Straightforward_Rook"]
[Result "1-0"]
[WhiteElo "2836"]
[BlackElo "2524"]
[TimeControl "180+1"]
[EndTime "14:27:50 PDT"]
[Termination "Eduard_Limonov won by resignation"]

1. e4 e5 2. Nf3 Nc6 3. Nc3 Nf6 4.
Be2 Be7 5. d4 d6 6. d5 Nb8 7. a4 O-O 8. a5 a6 9. Nd2 Ne8 10. O-O f5 11. exf5 Bxf5 12. Bg4 Bg6 13. Bh5 Bf5 14. Bg4 Bg6 15. Nde4 Nd7 16. f3 Kh8 17. Qe2 Nef6 18. Be6 Nxe4 19. Nxe4 Bxe4 20. fxe4 Nc5 21. Rxf8+ Qxf8 22. Bh3 Qd8 23. b4 Nd7 24. Bd2 Nf6 25. Rf1 Qe8 26. Qc4 c6 27. Be6 h6 28.
Qd3 Qd8 29. Be3 Qe8 30. c4 cxd5 31. exd5 Qh5 32. Bf5 Rf8 33. h3 Qe8 34. c5 Qb5 35. Qxb5 axb5 36. c6 Nxd5 37. cxb7 Nxe3 38. Rc1 Nxf5 39.
Rc8 d5 40. Rxf8+ Bxf8 41. b8=Q Kg8 42. Qxe5 Ne7 43. a6 Nc8 44. Qxd5+ 1-0

[Event "Late-Titled-Tuesday-Blitz-September-26-2023"]
[Site "Chess.com"]
[Date "2023.09.26"]
[Round "3"]
[White "WiseKing_08"]
[Black "Mariia89"]
[Result "1-0"]
[WhiteElo "2353"]
[BlackElo "2081"]
[TimeControl "180+1"]
[EndTime "14:27:51 PDT"]
[Termination "WiseKing_08 won on time"]

1. e4 c6 2. Nf3 d5 3. d3 Bg4 4.
h3 Bh5 5. Nc3 e6 6. Bf4 Bb4 7.
Bd2 Nf6 8. g4 Bg6 9. e5 Nfd7 10.
d4 c5 11. Nb5 Bxd2+ 12. Qxd2 O-O 13. c3 Nc6 14. Bd3 cxd4 15. cxd4 Qb6 16. Bxg6 hxg6 17. Nc3 Na5 18. b3 Rac8 19. Rc1 Qb4 20. Kf1 Rc6 21. Kg2 Rfc8 22. Ne2 Qxd2 23. Nxd2 Rxc1 24. Rxc1 Rxc1 25. Nxc1 Nc6 26. Nf3 Nb4 27. Kf1 f6 28. Ke2 Kf7 29. Kd2 Nc6 30. Nd3 g5 31. exf6 gxf6 32. b4 a6 33. a4 Nb6 34. b5 Nc4+ 35. Kc3 axb5 36. axb5 Na7 37. Nc5 Nxb5+ 38. Kb4 Nbd6 39. Nd7 b5 40.
Kc5 Ke7 41. Nb8 1-0